Workbook

Sheet DPP - CZ
A1: Univerzita Tomáše Bati ve Zlíně | H1: upraveno: | I1: 2026-10 | J1: Vyplňte pouze žluté oblasti | K1: Fakulta technologická | L1: 11 - profesor | M1: 11 | N1: nebyl | O1: není | P1: děkanem/kou | R1: zaměstnavatel
K2: Fakulta logistiky a krizového řízení | L2: 12 - docent | M2: 12 | N2: byl | O2: je | P2: rektorem/kou | R2: zaměstnanec na základě dohody zaměstnance a zaměstnavatele
G3: osobní číslo pracovníka: | K3: Fakulta aplikované informatiky | L3: 13 - odborný asistent | M3: 13 | P3: kvestorem/kou
K4: Fakulta multimediálních komunikací | L4: 14 - asistent | M4: 14 | P4: ředitelem/kou součásti
J5: NETISKNE SE | K5: Fakulta managementu a ekonomiky | L5: 15 - lektor | M5: 15
A6: Dohoda o provedení práce | K6: Fakulta humanitních studií | L6: 21 - vědecký pracovník | M6: 21
J7: Nápověda | K7: Univerzitní institut | L7: 22 - techn. - hosp. prac. | M7: 22
A8: Univerzita Tomáše Bati ve Zlíně, | H8: IČO: 70883521 | K8: Koleje a menza | L8: 23 - prac. děln. povolání | M8: 23
K9: Knihovna | L9: 24 - obch. provozní pracovník | M9: 24
A10: se sídlem: | K10: Rektorát | L10: 29 - ostatní | M10: 29
A12: zastoupena
A13: (dále jen "UTB" nebo "zaměstnavatel")
A15: a pan/í/
A17: rodné číslo | D17: datum narození | F17: =IF(B17="","",MID(B17,5,2)&"."&IF(MID(B17,3,2)<"50",MID(B17,3,2)&".",(MID(B17,3,2)-"50")&".")&IF(MID(B17,1,2)<"40","20"&MID(B17,1,2),"19"&MID(B17,1,2))) | G17: místo, stát
A19: trvalé bydliště - ulice, číslo popisné/číslo orientační, obec, PSČ, pošta a adresa pobytu v ČR:
A21: (dále jen jako "zaměstnanec")
J22: 10.4.2004 10/4
A23: uzavírají podle § 74, 75 a 77 zákoníku práce tuto dohodu o provedení práce: | J23: 8.3.1962 8/3/62
A25: I.
A26: 1. Zaměstnanec se zavazuje, že pro UTB ve Zlíně v době | F26: od | H26: do | J26: =IF(I26<G26,"POZOR DATUM !!","")
A28: provede tyto sjednané práce:
A29: (rozpis činnosti viz. příloha)
A31: Kategorie zaměstnance:*/ | C31: =IF(D31=L1,M1,IF(D31=L2,M2,IF(D31=L3,M3,IF(D31=L4,M4,IF(D31=L5,M5,IF(D31=L6,M6,IF(D31=L7,M7,IF(D31=L8,M8,IF(D31=L9,M9,IF(D31=L10,M10,"")))))))))) | E31: **/
A33: Typová pracovní pozice: ***/
A35: 2. Místo výkonu práce:
A37: 3. Den zahájení výkonu práce:
A39: 4. Sjednaný rozsah pracovní doby je uveden v příloze této dohody.
A41: 5. Zaměstnanec žádá o vyplacení mzdy:
B42: a) na účet u peněžního ústavu v ČR:
E43: spec. symbol (pokud existuje)
B44: b) na účet u pen. ústavu v zahraničí, stát EU: | F44: IBAN
F45: SWIFT
D46: stát mimo EU: | F46: účet
F47: SWIFT
B48: c) pokladnou | J48: Nápověda
J49: Pokud není vyplněno č.účtu, vyplňte u volby c) ANO
A50: 6. Pracovní dobu do směn rozvrhuje: | I50: **/
A52: II.
A53: UTB ve Zlíně:
A55: 1. Vytvoří zaměstnanci přiměřené podmínky, zajišťující řádný a bezpečný výkon práce.
A57: 2. Bude poskytovat zaměstnanci za vykonanou práci sjednanou odměnu podle zákoníku práce.
J58: Nápověda
A59: 3. Odměna za provedení pracovního úkolu je splatná po dokončení a odevzdání práce. Vyplácí se čtrnáctý kalendářní den následujícího | J59: pokud je DPP sjednána na více měsíců a chcete ji částečně vyplatit dříve než po ukončení práce, vyplňte měsíc a rok zůčtování
A60: měsíce po vykonání práce. Odměna může být přiměřeně snížena, nebude-li práce odpovídat sjednaným podmínkám.
A61: Smluvní strany se dohodly, že část sjednané odměny (dle odevzdaného výkazu) bude splatná v zúčtovacím období:
A63: III.
A64: Ujednání společná:
A66: 1. Pracovní úkol musí být proveden ve sjednané době, jinak může zaměstnavatel od dohody odstoupit. Zaměstnanec může od dohody
A67: odstoupit, nemůže-li pracovní úkol provést proto, že mu zaměstnavatel nevytvořil sjednané pracovní podmínky.
A69: 2. Ostatní práva a povinnosti zaměstnance i UTB ve Zlíně, vyplývající z této dohody, jsou upraveny zákoníkem práce, zejména
A70: ust. § 74 - 77b.
A72: 3. Smluvní strany se dohodly, že zaměstnanci nepřísluší náhrada odměny z dohody po dobu trvání jiných důležitých osobních překážek
A73: v práci podle § 199 a překážek v práci z důvodu obecného zájmu podle § 200 až 205.
A75: 4. V případě, že právní vztah založený touto dohodou a dalšími dohodami o výkonu práce mimo pracovní poměr trval tak, jak je uvedeno
A76: v příslušných ustanoveních zákoníku práce, je zaměstnanec oprávněn písemně požádat zaměstnavatele o zaměstnání v pracovním poměru.
J77: Nápověda:
A78: 5. Jiná ujednání: | J78: Lze sjednat např. cestovní náhrady, v takovém případě je nutno současně určit místo pravidelného pracoviště (tj. přesná adresa pracoviště).
A80: 6. Prohlašujeme, že předpokládaný rozsah práce (pracovního úkolu), na který se dohoda uzavírá, není vyšší než 300 hodin.
A81: Do předpokládaného rozsahu práce se započítává také doba práce konané zaměstnancem pro zaměstnavatele v témže kalendářním roce na základě jiné dohody o provedení práce.
A83: IV.
A84: Zaměstnanec je povinen bez zbytečného odkladu nahlásit zaměstnavateli jakékoliv změny, které mohou mít vliv na výplatu odměny, včetně změn týkajících se prohlášení uvedeného v odevzdaném osobním dotazníku.
A86: V případě, že zaměstnanec v důsledku nepravdivých tvrzení a/nebo porušením povinností uvedených v předchozím odstavci způsobí zaměstnavateli škodu, zavazuje se ji uhradit ve lhůtě do 7 dnů ode dne výzvy zaměstnavatele k úhradě této škody.
A88: Nebylo-li mezi smluvními stranami dohodnuto rozvrhování pracovní doby do směn zaměstnancem, pak platí následující:
A89: Zaměstnavatel bude zaměstnanci rozvrhovat pracovní dobu alespoň 1 den před zahájením období, na které se pracovní doba rozvrhuje. Pro případ, že začátek výkonu práce podle této dohody nastává ke dni jejího podpisu, smluvní strany prohlašují a podpisem této dohody potvrzují, že byl zaměstnanec písemně seznámen s rozvrhem pracovní doby před zahájením výkonu práce.
A91: Zaměstnanec byl v den uzavření dohody (v rámci vstupního školení) seznámen a zavazuje se dodržovat:
A93: a) předpisy o bezpečnosti a ochraně zdraví při práci a další předpisy vztahující se k práci jím vykonávané, zachovávat pracovní
A94: kázeň, neprodleně oznamovat zaměstnavateli změnu své zdravotní pojišťovny a plnit ostatní povinnosti vyplývající z právních předpisů platných a účinných na území ČR, zejména zákoníku práce, Pracovního řádu Univerzity Tomáše Bati ve Zlíně a ostatních interních norem zaměstnavatele.
A96: b) dodržovat zásady ochrany a zpracování osobních údajů v souladu s právními předpisy platnými a účinnými na území ČR a interními
A97: normami zaměstnavatele.
... A126: Ve Zlíně dne
A129: .................................................. | F129: ...............................................................
A130: podpis zaměstnance | F130: podpis navrhujícího
F131: (příkazce operace)
F134: ................................................................
F135: za UTB ve Zlíně - razítko a podpis
F136: oprávněného zaměstnance
F137: (správce rozpočtu)
A140: */ Kategorie zaměstnanců:
A141: 11 - profesor | C141: 14 - asistent | E141: 22 - techn. - hosp. prac. | G141: 29 - ostatní
A142: 12 - docent | C142: 15 - lektor | E142: 23 - prac. děln. povolání
A143: 13 - odborný asistent | C143: 21 - vědecký pracovník | E143: 24 - obch. provozní pracovník
A145: **/ výběr možnosti
A146: *** pozice dle SR Katalog prac.pozic na UTB (pozice AP a VP v těle směrnice, pozice dalších zaměstnanců v příloze směrnice)

Sheet DPP - EN
A1: Tomas Bata University in Zlín | H1: Version: | I1: 2026-10 | J1: Vyplňte pouze žluté oblasti | K1: Fakulta technologická | L1: Faculty of Technology | M1: 11 - profesor | N1: 11 - Professor | O1: that no | P1: that no | Q1: the dean | R1: the Employer | S1: zaměstnavatel | T1: January
K2: Fakulta logistiky a krizového řízení | L2: Faculty of Logistics and Crisis Management | M2: 12 - docent | N2: 12 - Associate Professor | O2: that a | P2: that an | Q2: the rector | R2: the Worker, based on an agreement between the Worker and the Employer | S2: zaměstnanec na základě dohody zaměstnance a zaměstnavatele | T2: February
G3: Worker ID number:: | I3: =IF('DPP - CZ'!I3="","",'DPP - CZ'!I3) | K3: Fakulta aplikované informatiky | L3: Fakulta of Applied Informatics | M3: 13 - odborný asistent | N3: 13 - Senior Lecturer | Q3: the bursar | T3: March
J4: DO NOT PRINT | K4: Fakulta multimediálních komunikací | L4: Faculty of Multimedia Communications | M4: 14 - asistent | N4: 14 - Lecturer | Q4: the director | T4: April
A5: Contract for Services | K5: Fakulta managementu a ekonomiky | L5: Faculty of Management and Economics | M5: 15 - lektor | N5: 15 - Assistant Lecturer | T5: May
J6: Instructions | K6: Fakulta humanitních studií | L6: Faculty of Humanities | M6: 21 - vědecký pracovník | N6: 21 - Researcher | T6: June
A7: Tomas Bata University in Zlín, | D7: =IF('DPP - CZ'!D8='DPP - EN'!K1,'DPP - EN'!L1,(IF('DPP - CZ'!D8='DPP - EN'!K2,'DPP - EN'!L2,(IF('DPP - CZ'!D8='DPP - EN'!K3,'DPP - EN'!L3,(IF('DPP - CZ'!D8='DPP - EN'!K4,'DPP - EN'!L4,(IF('DPP - CZ'!D8='DPP - EN'!K5,'DPP - EN'!L5,(IF('DPP - CZ'!D8='DPP - EN'!K6,'DPP - EN'!L6,(IF('DPP - CZ'!D8='DPP - EN'!K7,'DPP - EN'!L7,(IF('DPP - CZ'!D8='DPP - EN'!K9,'DPP - EN'!L9,(IF('DPP - CZ'!D8='DPP - EN'!K8,'DPP - EN'!L8,(IF('DPP - CZ'!D8='DPP - EN'!K10,'DPP - EN'!L10,""))))))))))))))))))) | I7: ID: 70883521 | K7: Univerzitní institut | L7: University Institute | M7: 22 - techn. - hosp. prac. | N7: 22 - Administration and technical staff | T7: July
K8: Knihovna | L8: Library | M8: 23 - prac. děln. povolání | N8: 23 - Manual worker | T8: August
A9: with its registered office: | C9: =IF('DPP - CZ'!B10="","",'DPP - CZ'!B10) | K9: Koleje a menza | L9: Halls of Residence and Refectoy | M9: 24 - obch. provozní pracovník | N9: 24 - Business administration staff | T9: September
K10: Rektorát | L10: Rectorate | M10: 29 - ostatní | N10: 29 - Other professions | T10: October
A11: represented by | B11: =IF('DPP - CZ'!B12='DPP - CZ'!P1,Q1,IF('DPP - CZ'!B12='DPP - CZ'!P2,Q2,IF('DPP - CZ'!B12='DPP - CZ'!P3,Q3,IF('DPP - CZ'!B12='DPP - CZ'!P4,Q4,"")))) | D11: =IF('DPP - CZ'!D12="","",'DPP - CZ'!D12) | T11: November
A12: (hereinafter as "TBU in Zlín" or "Employer") | T12: December
A14: and Mr./Mrs. | B14: =IF('DPP - CZ'!B15="","",'DPP - CZ'!B15)
A15: Birth Certificate No.: | B15: =IF('DPP - CZ'!B17="","",'DPP - CZ'!B17) | D15: Date of birth: | F15: =IF('DPP - CZ'!F17="","",'DPP - CZ'!F17) | G15: Place of birth, country: | H15: =IF('DPP - CZ'!H17="","",'DPP - CZ'!H17)
A17: Permanent address - Street, Land-registry No./House No.,Town/village, Postcode, Post office and a residential address in the CR:
A18: =IF('DPP - CZ'!A20="","",'DPP - CZ'!A20) | J18: 10.4.2004 10/4
A19: (hereinafter as "Worker") | J19: 8.3.1962 8/3/62
A21: are entering into the following Contract for Services in compliance with § 74, 75 and 77 of the Labour Code:
A23: I
A24: 1. The Worker undertakes to work for TBU in Zlín | E24: from: | F24: =IF('DPP - CZ'!G26="","",'DPP - CZ'!G26) | G24: to | H24: =IF('DPP - CZ'!I26="","",'DPP - CZ'!I26) | J24: =IF(H24<F24,"POZOR DATUM !!","")
A26: the following agreed-upon work::
A27: (List of activities is included in the Annex)
A29: Worker category: */ | C29: ='DPP - CZ'!C31 | D29: **/
A31: Typical job position title: ***/
A33: 2. Location of work: | C33: =IF('DPP - CZ'!C35="","",'DPP - CZ'!C35)
A35: 3. First day of employment: | C35: =IF('DPP - CZ'!C37="","",'DPP - CZ'!C37)
A37: 4. The Agreed range of working hours is listed in the appendix.
A39: 5. The Worker requests that the remuneration be paid:
B40: a) to his/her bank account in the | E40: =IF('DPP - CZ'!E42="","",'DPP - CZ'!E42)
B41: Czech Republic | E41: Specific Code (if applicable) | H41: =IF('DPP - CZ'!H43="","",'DPP - CZ'!H43)
B42: b) to his/her bank account abroad; EU country: | F42: IBAN | G42: =IF('DPP - CZ'!G44="","",'DPP - CZ'!G44)
F43: SWIFT | G43: =IF('DPP - CZ'!G45="","",'DPP - CZ'!G45)
C44: country outside the EU: | F44: account No. | G44: =IF('DPP - CZ'!G46="","",'DPP - CZ'!G46)
F45: SWIFT | G45: =IF('DPP - CZ'!G47="","",'DPP - CZ'!G47) | J45: Please note:
B46: c) in the Cash Office | H46: =IF('DPP - CZ'!H48="","","YES") | J46: If you did not enter a bank account number, select the c) option and enter YES.
A48: 6. Working hours are scheduled into shifts by: | E48: =IF('DPP - CZ'!D50='DPP - EN'!S1,'DPP - EN'!R1,IF('DPP - CZ'!D50='DPP - EN'!S2,'DPP - EN'!R2,"")) | I48: **/
A50: II
A51: TBU in Zlín:
A53: 1. Shall provide appropriate conditions to the Worker in order to ensure proper and safe work performance.
A55: 2. Shall remunerate the Worker for the work performed in compliance with the Labour Code, in the amount agreed upon.
J56: Please note:
A57: 3. The remuneration for the work performed is due after completion and handover of the work performed. It shall be paid on | J57: If the Contract for Services has been entered into for a period of more than one month and you want to pay the remuneration to the Worker in instalments before the completion of the work, please enter the month and year when the respective financial transaction is to take place.
A58: the 14th calendar day of the month following after the month during which services were completed. The remuneration may be appropriately reduced if the work fails to meet the requirements agreed upon.
A59: The contracting parties have agreed upon that a part of the agreed remuneration (in accordance with the Time and Clearance
A60: Sheet submitted) is due in the accounting period: | E60: =IF('DPP - CZ'!I61="","",(IF(MONTH('DPP - CZ'!I61)=1,T1,(IF(MONTH('DPP - CZ'!I61)=2,T2,(IF(MONTH('DPP - CZ'!I61)=3,T3,(IF(MONTH('DPP - CZ'!I61)=4,T4,(IF(MONTH('DPP - CZ'!I61)=5,T5,(IF(MONTH('DPP - CZ'!I61)=6,T6,(IF(MONTH('DPP - CZ'!I61)=7,T7,(IF(MONTH('DPP - CZ'!I61)=8,T8,(IF(MONTH('DPP - CZ'!I61)=9,T9,(IF(MONTH('DPP - CZ'!I61)=10,T10,(IF(MONTH('DPP - CZ'!I61)=11,T11,T12))))))))))))))))))))))&"/"&YEAR('DPP - CZ'!I61))
A62: III
A63: Mutual arrangements:
A65: 1. The services have to be completed within the period agreed upon, failure to do so can result in the Employer's withdrawal
A66: from the Contract. The Worker can withdraw from the Contract in case he/she cannot carry out the services due to the fact that the Employer failed to provide him/her working conditions agreed upon.
A68: 2. Other rights and obligations of the Worker and of TBU in Zlín arising from this Contract are regulated by the Labour Code,
A69: in particular by the provisions of § 74 up to 77b.
A71: 3. Parties have agreed, that the Worker will not be entitled to compensation from the agreement for duration of other important
A72: personal obstacles to work according to § 199 and obstacles to work due to general interest according to § 200 to 205.
A74: 4. In the event that legal relationship established by this agreement and other agreements on the peformance of work outside
A75: the employment relationship lasted as is stated in the relevant provisions of the Labour Code, the Worker is entitled to request in writing to the employer form employment in an employment relationship.
J76: Please note:
A77: 5. Additional provisions: | J77: Travel expenses, for example, can be arranged; in such cases, the regular place of work (i.e., the exact address of the workplace) must also be specified.
A79: 6. We declare that the assumed work duration (task duration) agreed upon in the Contract does not exceed 300 hours.
A80: The assumed work duration also includes the duration of work performed by the Worker for the Employer in compliance with another Contract for Services during the same calendar year.
A82: IV
A83: The Worker is obliged to inform the Employer without undue delay about all changes which might influence the payment of the remuneration, including any type of changes regarding the statement given in the submitted personal questionnaire.
A85: In the event that the Worker due to a false claim and/or due to his/her failure to fulfil the obligations mentioned in the preceding paragraph inflicts damage on the Employer, the Worker undertakes to compensate the Employer for the damage incurred within 7 days after being requested by the Employer to do so.
A87: Unless the parties have agreed that the working hours will be organized into shifts by the Worker, the following shall apply:
A88: The Employer shall schedule the Worker’s working hours at least 1 day before the start of the period for which the working hours are scheduled. In the event that the performance of work under this agreement begins on the date of its signature, the parties declare and confirm by signing this agreement that the Worker has been informed of the working time schedule in writing before starting work.
A90: The Worker has been been acquainted of the following on the day of the conclusion of the Contract for Service (as part of the initial training) and undertakes to observe:
A92: a) regulations governing occupational safety and health protection and other regulations relating to work performed by him/her,
A93: to maintain working discipline, to announce without delay to the Employer a change in his/her health insurance company and fulfil other requirements arising from legal regulations valid and effective on the territory of the CR, mainly the Labour Code, the Work Regulations of Tomas Bata University in Zlín and other internal regulations issued by the Employer.
A95: b) the principles of the protection and processing of personal data in accordance with legal regulations valid and effective
A96: on the territory of the CR and with internal regulations issued by the Employer.
... A123: The Worker and TBU in Zlín agree with the Contract for Services to be concluded in compliance with the above-mentioned terms and conditions.
A125: In Zlín on | B125: =IF('DPP - CZ'!B126="","",'DPP - CZ'!B126)
A128: .................................................. | F128: ................................................................
A129: Signature of the Worker | F129: Signature of the proposer
F130: (Payment Mandator)
F133: ................................................................
F134: On behalf of TBU in Zlín - Stamp and signature
F135: of authorized employee
F136: (Budget Administrator)
A139: */ Worker category:
A140: 11 - Professor | C140: 14 - Lecturer | E140: 22 - Administration and technical staff | H140: 29 - Other professions
A141: 12 - Associate Professor | C141: 15 - Assistant Lecturer | E141: 23 - Manual worker
A142: 13 - Senior Lecturer | C142: 21 - Researcher | E142: 24 - Business administration staff
A144: **/ Option selection
A145: ***/ Position according to the TBU Job Catalog (Positions of A and R staff in the main text of the directive; positions of other employees in the annex to the directive)
